 Dungeon Crawl Stone Soup version 0.22.1-2-g9c5b331 (webtiles) character file.

28 myga the Chiller (level 3, -1/16 HPs)
             Began as a Vine Stalker Ice Elementalist on Nov 27, 2018.
             Slain by a jackal (2 damage)
             ... on level 1 of the Dungeon.
             The game lasted 00:07:56 (985 turns).

myga the Chiller (Vine Stalker Ice Elementalist)     Turns: 985, Time: 00:07:57

Health: -1/16      AC:  2    Str:  9 (11) XL:     3   Next: 14%
Magic:  0/8        EV: 12    Int: 12 (15) God:
Gold:   55         SH:  0    Dex: 11 (14) Spells: 5/8 levels left

rFire    . . .     SeeInvis .   n - +0 short sword
rCold    . . .     Gourm    .   (no shield)
rNeg     . . .     Faith    .   a - +0 robe
rPois    .         Spirit   +   (no helmet)
rElec    .         Reflect  .   (no cloak)
rCorr    .         Harm     .   (no gloves)
MR       .....                  (no boots)
Stlth    ++........             (no amulet)
HPRegen  0.05/turn              (no ring)
MPRegen  0.11/turn              (no ring)

@: no status effects
A: fangs 2, magic shield, antimagic bite, no potion heal 3, rot immunity
a: no special abilities


You were on level 1 of the Dungeon.
You were not hungry.

You visited 1 branch of the dungeon, and saw 1 of its levels.

You collected 55 gold pieces.

Inventory:

Hand Weapons
 e - a +0 short sword
 f - a +0 hand axe
 g - a +0 club
 m - a +0 club
 n - a +0 short sword (weapon)
Missiles
 b - 16 stones (quivered)
Armour
 a - a +0 robe (worn)
 o - a +0 robe
Scrolls
 l - a scroll of identify {unknown}
Potions
 j - a potion of cancellation
Comestibles
 c - 3 rations
 h - a chunk of flesh


   Skills:
 + Level 0.3 Throwing
 + Level 1.6 Dodging
 + Level 2.7 Stealth
 + Level 3.0 Spellcasting
 + Level 1.1 Conjurations
 + Level 3.3 Ice Magic


You had 5 spell levels left.
You knew the following spells:

 Your Spells              Type           Power        Failure   Level  Hunger
a - Freeze                Ice            #...         6%          1    #......
b - Throw Frost           Conj/Ice       #.....       16%         2    ###....

Your spell library contained the following spells:

 Spells                   Type           Power        Failure   Level  Hunger
 Ozocubu's Armour         Chrm/Ice       #.......     36%         3    ###....
 Throw Icicle             Conj/Ice       #.......     69%         4    #####..
 Summon Ice Beast         Ice/Summ       #.......     77%         4    #####..


Dungeon Overview and Level Annotations

Branches:
Dungeon (1/15)

Altars:


Innate Abilities, Weirdness & Mutations

You have extremely sharp teeth.
When hurt, damage is shared between your health and your magic reserves.
Your bite disrupts and absorbs the magic of your enemies.
Potions cannot restore your health.
You are immune to rotting.


Message History

The jackal is almost dead.
The jackal closely misses you. The jackal bites you.
* * * LOW HITPOINT WARNING * * *
You hit the jackal but do no damage.
The jackal is almost dead.
The jackal closely misses you. The jackal bites you.
* * * LOW HITPOINT WARNING * * *
There are monsters nearby!
Unknown command.
As you read the scroll labeled DUTTAODW AMOL, it crumbles to dust.
You feel blessed for a moment.
It was a scroll of remove curse.
The jackal bites you but does no damage.
As you read the scroll labeled ZEAFFEI CYCUM, it crumbles to dust.
It is a scroll of amnesia.
Okay, then.
The jackal bites you. The jackal barely misses you. The jackal bites you.
You die...

.w.rh# ... .. ###### ..
.. .# .# .# #. .#####
##.# .# ...
.....####..# ##.##..#
..........######......#
...w.###..r.w..h.....#
..........######h##..#
....####### #@# ......#
#.#.# # ....[.###
#.#.#.#
........########.#.#.##
#.....#...............#
#.....#...............#
#.....##..............#
#.....##..............#
########..............#


You could see 2 jackals.

Vanquished Creatures
  A dart slug (D:1)
  A leopard gecko (D:1)
  2 giant cockroaches (D:1)
  A goblin (D:1)
  3 hobgoblins (D:1)
  5 jackals (D:1)
  3 kobolds (D:1)
  2 frilled lizards (D:1)
  5 rats (D:1)
23 creatures vanquished.

Notes
Turn   | Place    | Note
-------+----------+-------------------------------------------
     0 | D:1      | myga the Vine Stalker Ice Elementalist began the quest for
                  | the Orb.
     0 | D:1      | Reached XP level 1. HP: 9/9 MP: 4/4
   221 | D:1      | Reached XP level 2. HP: 12/13 MP: 0/6
   285 | D:1      | Learned a level 2 spell: Throw Frost
   942 | D:1      | Reached XP level 3. HP: 14/16 MP: 1/8
   985 | D:1      | Slain by a jackal

Skill      XL: |  1  2  3 |
---------------+----------+-----
Spellcasting   | 3 |  3.0
Throwing       | |  0.3
Dodging        | |  1.6
Stealth        | |  2.7
Conjurations   | |  1.1
Ice Magic      | |  3.3

Action                   || total
-------------------------++-------
Melee: Hand axe          ||     4
       Unarmed           ||     4
       Bite              ||     5
       Short sword       ||    18
Throw: Stone             ||    17
 Cast: Freeze            ||    21
       Throw Frost       ||     9
  Use: Potion            ||     4
       Scroll            ||     2
  Eat: Chunk             ||     1
Armor: Robe              ||    10
Dodge: Dodged            ||    27
